 Dungeon Crawl Stone Soup version 0.29.1-15-g9cfb28693d (webtiles) character file.

Game seed: 12785810139523599495

765 bmack86 the Cleaver (level 7, 0/57 HPs)
             Began as a Minotaur Fighter on Apr 1, 2024.
             Slain by a water moccasin (5 damage)
             ... on level 5 of the Dungeon.
             The game lasted 00:10:25 (4905 turns).

bmack86 the Cleaver (Minotaur Fighter)              Turns: 4905, Time: 00:10:26

Health: 0/57       AC:  6    Str: 23    XL:     7   Next: 52%
Magic:  6/6        EV:  7    Int:  5    God:
Gold:   250        SH:  4    Dex:  9    Spells: 6/6 levels left

rFire   . . .      SeeInvis .   a - +1 war axe
rCold   . . .      Faith    .   c - +0 buckler
rNeg    . . .      Spirit   .   f - +0 chain mail
rPois   .          Reflect  .   (helmet restricted)
rElec   .          Harm     .   (no cloak)
rCorr   .          Rampage  .   e - +0 pair of gloves
Will    +....                   (no boots)
Stlth   ..........              (no amulet)
HPRegen 0.19/turn               t - ring of willpower
MPRegen 0.10/turn               (no ring)

@: lethally poisoned (0 -> -16), corroded
A: horns 2, retaliatory headbutt
a: no special abilities


You were on level 5 of the Dungeon.
You visited 1 branch of the dungeon, and saw 5 of its levels.

You collected 250 gold pieces.

Inventory:

Hand Weapons
 a - a +1 war axe (weapon)
Missiles
 A - 2 boomerangs (quivered)
Armour
 b - a +0 scale mail
 c - a +0 buckler (worn)
 e - a +0 pair of gloves (worn)
 f - a +0 chain mail (worn)
 y - a +0 pair of gloves
Jewellery
 l - an amulet of magic regeneration
 m - a ring of positive energy
 t - a ring of willpower (left hand)
 B - a ring of magical power
Wands
 z - a wand of charming (11)
 C - a wand of mindburst (19)
Scrolls
 j - 4 scrolls of teleportation
 n - 2 scrolls of poison
 u - a scroll of blinking
Potions
 d - 2 potions of might
 g - 2 potions of heal wounds {unknown}
 h - a potion of mutation {unknown}
 i - 2 potions of lignification
 k - 3 potions of flight
 o - 2 potions of berserk rage {unknown}
 p - 3 potions of attraction
 r - a potion of resistance {unknown}
 s - 3 potions of curing {unknown}
 v - 2 potions of invisibility {unknown}


   Skills:
 - Level 3.6 Fighting
 + Level 9.8 Axes
 - Level 3.6 Armour
 - Level 5.0 Shields


You had 6 spell levels left.
You didn't know any spells.
Your spell library contained the following spells:

 Spells                   Type           Power      Damage    Failure   Level
 Apportation              Tloc           0%         N/A       99%         1
 Necrotise                Necr           0%         1d4       99%         1
 Summon Small Mammal      Summ           0%         N/A       99%         1
 Stone Arrow              Conj/Erth      0%         3d7       100%        3
 Animate Armour           Summ/Erth      0%         N/A       100%        4
 Lehudib's Crystal Spear  Conj/Erth      0%         10d2      100%        8


Dungeon Overview and Level Annotations

Branches:
Dungeon (5/15)
 Temple: D:4-7

Altars:
Dithmenos
Sif Muna

Portals:
Ossuary: D:5


Innate Abilities, Weirdness & Mutations

You have a pair of horns on your head.
You reflexively headbutt those who attack you in melee.


Message History

You furiously retaliate!
You headbutt the hound!
You kill the hound!
The jelly hits you but does no damage.
You slash the adder!
You kill the adder!
You closely miss the water moccasin.
You hit the shadow imp but do no damage.
You slash the jelly!
Your hands burn!
The water moccasin closely misses you. The jelly hits you but does no damage.
The shadow imp barely misses you. You furiously retaliate!
You headbutt the shadow imp, but do no damage.
The water moccasin barely misses you. The water moccasin bites you.
You are poisoned.
The water moccasin poisons you! The jelly hits you.
You are splashed with acid.
The shadow imp hits you.
You hit the jelly.
You kill the jelly!
You slash the water moccasin! You hit the shadow imp.
You feel very sick.
The water moccasin bites you but does no damage.
The shadow imp hits you but does no damage.
The shadow imp attacks as you move away!
The shadow imp hits you.
You feel very sick. The water moccasin barely misses you.
The water moccasin bites you.
* * * LOW HITPOINT WARNING * * *
The shadow imp gestures at you. You resist with some effort.
You feel sick. You block the water moccasin's attack.
The shadow imp hits you but does no damage.
You feel sick. You block the water moccasin's attack.
The shadow imp completely misses you.
You barely miss the water moccasin.
The water moccasin is moderately wounded.
You hit the shadow imp but do no damage.
You feel sick. The water moccasin bites you!
* * * LOW HITPOINT WARNING * * *
You are lethally poisoned!
The water moccasin poisons you! The water moccasin bites you.
You die...

*,........#,,,~~~~*
*,,,
**###+###<#**~~~~∩*
*,** *,* #.# ********
*,* *,* #.# *,* *,*
#,###.# *,* *,*
#.#...########,* *,**
* #.............,*
*,,, *
#.....5.......,* ****
*
##...@..(.....,*******
*
#...S........,,,,,,,,
*
#............********
* #............* ****
#.....8......*
,,,******
#............*
*,^,,,,,*
#...8.∩.8....*
*,,,,,,,*
#.......>....*
,,,,,,,,*
####..8...###*


You could see a water moccasin and a shadow imp.

Vanquished Creatures
  Sigmund (D:3)
  An ice beast (D:4)
  An ogre (D:3)
  A hound (D:5)
  A jelly (D:5)
  Jessica (D:2)
  4 orc wizards
  Terence (D:2)
  4 gnolls (D:3)
  6 adders
  An ufetubus (D:4)
  3 worms
  2 dart slugs
  6 orcs
  14 endoplasms
  3 giant cockroaches
  8 goblins
  10 hobgoblins
  3 jackals (D:2)
  3 quokkas (D:2)
  9 ball pythons
  5 bats
  4 frilled lizards
  3 kobolds
  10 rats
105 creatures vanquished.

Vanquished Creatures (others)
  2 orc wizards (D:4)
2 creatures vanquished.

Grand Total: 107 creatures vanquished

Notes
Turn   | Place    | Note
-------+----------+-------------------------------------------
     0 | D:1      | bmack86 the Minotaur Fighter began the quest for the Orb.
     0 | D:1      | Reached XP level 1. HP: 19/19 MP: 0/0
   133 | D:1      | Found a faded altar of an unknown god.
   273 | D:1      | Reached XP level 2. HP: 16/26 MP: 1/1
   546 | D:1      | Reached skill level 3 in Axes
  1047 | D:2      | Reached XP level 3. HP: 26/31 MP: 2/2
  1509 | D:2      | Reached skill level 5 in Shields
  1579 | D:2      | Noticed Terence
  1587 | D:2      | Killed Terence
  1588 | D:2      | Reached skill level 4 in Axes
  1588 | D:2      | Reached XP level 4. HP: 28/39 MP: 3/3
  1934 | D:2      | Noticed Jessica
  1942 | D:2      | Killed Jessica
  1943 | D:2      | Reached skill level 5 in Axes
  2351 | D:3      | Reached XP level 5. HP: 41/45 MP: 4/4
  2670 | D:3      | Reached skill level 6 in Axes
  3012 | D:3      | Noticed an ogre
  3020 | D:3      | Killed an ogre
  3021 | D:3      | Reached skill level 7 in Axes
  3021 | D:3      | Reached XP level 6. HP: 6/51 MP: 5/5
  3357 | D:3      | Noticed Sigmund
  3376 | D:3      | Killed Sigmund
  3377 | D:3      | Reached skill level 8 in Axes
  3900 | D:4      | Identified the +1 ring mail "Leruogh" {Dex+5}
  3951 | D:4      | Reached XP level 7. HP: 48/57 MP: 6/6
  4164 | D:4      | Reached skill level 9 in Axes
  4389 | D:4      | Found a shimmering blue altar of Sif Muna.
  4692 | D:4      | Found a shadowy altar of Dithmenos.
  4825 | D:5      | Entered Level 5 of the Dungeon
  4895 | D:5      | Found a sand-covered staircase.
  4905 | D:5      | Slain by a water moccasin

Illustrated notes

Levels and vault maps discovered:
D:1:      wander_arrival_chamber, layout_loops_ring,
          ebering_ecumenical_altar_rust, minmay_box_of_dots
D:2:      layout_loops_ring, chequers_avenue, minmay_pentomino_v2, uniq_terence,
          uniq_jessica
D:3:      layout_rooms, uniq_sigmund
D:4:      layout_loops_ring, led_sif_book, nicolae_overflow_crystal_walls
D:5:      layout_basic, nicolae_ossuary_entry_monument, portal_sewer_entry_b

Skill      XL: |  1  2  3  4  5  6  7 |
---------------+----------------------+-----
Shields        | 4 5 |  5.0
Axes           | 3 4 5 7 8 9 |  9.8
Fighting       | |  3.6
Armour         | |  3.6

Action                   |  1- 3 |  4- 6 |  7- 9 || total
-------------------------+-------+-------+-------++-------
Melee: War axe           |    90 |   130 |    44 ||   264
       Headbutt          |     6 |    15 |     5 ||    26
Throw: Boomerang         |       |       |    10 ||    10
  Use: Scroll            |       |     6 |     4 ||    10
       Potion            |       |     1 |       ||     1
Armor: Chain mail        |    55 |    81 |    32 ||   168
Dodge: Dodged            |    40 |    40 |    18 ||    98
Block: Buckler           |    24 |    21 |     3 ||    48
